 Dungeon Crawl Stone Soup version 0.30-a0-2-gf48d83f5e2 (webtiles) character file.

Game seed: 6068649769034424951

80 SensoryNuts the Chopper (level 4, -5/40 HPs)
             Began as a Hill Orc Fighter on Aug 20, 2022.
             Succumbed to a water moccasin's poison
             ... on level 4 of the Dungeon.
             The game lasted 00:02:19 (2617 turns).

SensoryNuts the Chopper (Hill Orc Fighter)          Turns: 2617, Time: 00:02:20

Health: -5/40      AC:  7    Str: 18 (20) XL:     4   Next: 39%
Magic:  4/4        EV:  9    Int:  6 (8)  God:
Gold:   111        SH:  4    Dex:  8 (10) Spells: 3/3 levels left

rFire   . . .      SeeInvis .    a - +0 war axe
rCold   . . .      Faith    .    c - +0 buckler
rNeg    . . .      Spirit   .    b - +0 scale mail
rPois   .          Reflect  .    (no helmet)
rElec   .          Harm     .    (no cloak)
rCorr   .          Rampage  .    (no gloves)
Will    .....                    (no boots)
Stlth   ..........               (no amulet)
HPRegen 0.13/turn                (no ring)
MPRegen 0.09/turn                (no ring)

@: lethally poisoned (-5 -> -36)
A: no striking features
a: no special abilities


You were on level 4 of the Dungeon.
You visited 1 branch of the dungeon, and saw 4 of its levels.

You collected 111 gold pieces.

Inventory:

Hand Weapons
 a - a +0 war axe (weapon)
Armour
 b - a +0 scale mail (worn)
 c - a +0 buckler (worn)
Wands
 f - a wand of polymorph (8)
 k - a wand of digging (3)
 l - a wand of flame (14)
Scrolls
 e - a scroll of amnesia
 g - 2 scrolls of torment
 i - a scroll of enchant weapon {unknown}
 n - 2 scrolls of identify
Potions
 d - 3 potions of might
 h - 3 potions of curing
 j - a potion of resistance {unknown}
 m - a potion of haste {unknown}


   Skills:
 + Level 4.1 Fighting
 * Level 4.5 Axes
 + Level 3.7 Armour
 + Level 0.2 Dodging
 + Level 3.7 Shields


You had 3 spell levels left.
You didn't know any spells.
Your spell library contained the following spells:

 Spells                   Type           Power      Damage    Failure   Level
 Blink                    Tloc           0%         N/A       97%         2
 Conjure Flame            Conj/Fire      0%         6-21      99%         3
 Ignite Poison            Fire/Tmut/Pois 0%         N/A       99%         3
 Lesser Beckoning         Tloc           0%         N/A       99%         3
 Sticky Flame             Conj/Fire      0%         2d3       100%        4
 Manifold Assault         Tloc           0%         N/A       100%        5
 Storm Form               Tmut/Air       0%         N/A       100%        7


Dungeon Overview and Level Annotations

Branches:
Dungeon (3/15)

Altars:
Xom


Message History

The hound is moderately wounded.
The hound misses you.
A hound comes into view.
A water moccasin comes into view.
The hound bites you but does no damage.
The hound moves out of view.
You hit the hound but do no damage.
The hound is moderately wounded.
You block the hound's attack. The hound closely misses you.
You completely miss the hound.
The hound is moderately wounded.
The hound bites you. The hound bites you but does no damage.
The hound barely misses you.
You barely miss the hound.
The hound is moderately wounded.
The hound bites you. The hound bites you but does no damage.
You hit the hound but do no damage.
The hound is moderately wounded.
You barely miss the water moccasin. The water moccasin bites you.
The hound closely misses you. The water moccasin bites you.
You are poisoned.
The water moccasin poisons you! The hound bites you.
You barely miss the hound.
The hound is moderately wounded.
You miss the water moccasin.
You feel very sick. The water moccasin barely misses you. The hound bites you.
You hit the hound but do no damage.
The hound is moderately wounded.
You miss the water moccasin.
You feel sick. The hound bites you. The water moccasin bites you!
* * * LOW HITPOINT WARNING * * *
You are lethally poisoned!
The water moccasin poisons you! You block the hound's attack.
The water moccasin bites you.
* * * LOW HITPOINT WARNING * * *
The water moccasin attacks as you move away!
The water moccasin bites you.
* * * LOW HITPOINT WARNING * * *
You are more poisoned.
The water moccasin poisons you!
You die...

#...#....#
####...#....# ####.
#......#....# #...#
#.........#.#
#...##
#.......###.###....
#...#+#)#.....+...
..... #.....###<.
..... #.....# #.#
.....
#.....###@#####.
###..
##.......h.......
.........S.........
.#.................
#.................
#...######+##.....
+... ....# ####
....# ..


You could see a water moccasin and a hound.

Vanquished Creatures
  An ufetubus (D:3)
  A worm (D:3)
  2 dart slugs (D:3)
  An orc (D:3)
  6 bats
  8 endoplasms
  A giant cockroach (D:2)
  2 goblins
  7 hobgoblins
  4 jackals (D:1)
  8 kobolds
  2 quokkas (D:2)
  3 ball pythons
  7 frilled lizards
  12 rats
65 creatures vanquished.

Notes
Turn   | Place    | Note
-------+----------+-------------------------------------------
     0 | D:1      | SensoryNuts the Hill Orc Fighter began the quest for the
                  | Orb.
     0 | D:1      | Reached XP level 1. HP: 19/19 MP: 1/1
    65 | D:1      | Reached XP level 2. HP: 15/27 MP: 2/2
   498 | D:1      | Found a faded altar of an unknown god.
  1069 | D:2      | Reached XP level 3. HP: 33/33 MP: 3/3
  1518 | D:2      | Found a shimmering altar of Xom.
  2007 | D:3      | Reached XP level 4. HP: 32/40 MP: 4/4
  2592 | D:3      | You fall into a shaft and drop 1 floor!
  2610 | D:4      | Noticed a water moccasin
  2617 | D:4      | HP: 1/40 [water moccasin (4)]
  2617 | D:4      | Succumbed to a water moccasin's poison

Illustrated notes

Levels and vault maps discovered:
D:1:      nzn_arrival_water_spiral, layout_basic,
          chequers_ecumenical_altar_grove
D:2:      wander_river, layout_loops_ring, basic_altar, minmay_misc_feat_pillars
D:3:      layout_loops_ring
D:4:      layout_basic, ebering_ghost_disaster_area, uniq_duvessa, uniq_grinder

Skill      XL: |  1  2  3 |
---------------+----------+-----
Axes           | 3 4 |  4.5
Fighting       | 4 |  4.1
Armour         | |  3.7
Dodging        | |  0.2
Shields        | |  3.7

Action                   |  1- 3 |  4- 6 || total
-------------------------+-------+-------++-------
Melee: War axe           |   128 |    52 ||   180
  Use: Scroll            |     7 |       ||     7
       Potion            |     4 |       ||     4
Armor: Scale mail        |    64 |    14 ||    78
Dodge: Dodged            |    85 |    23 ||   108
Block: Buckler           |    26 |    11 ||    37

Table legend: (Time is in decaauts)
 A = Elapsed time spent in this place.
 B = Non-inter-level travel time spent in this place.
 C = Inter-level travel time spent in this place.
 D = Time resting spent in this place.
 E = Time spent auto-exploring this place.
 F = Levels seen in this place.
 G = Mean time per level.
                   A        B        C        D        E       F      G
               +--------+--------+--------+--------+--------+-----+--------+
         Total |   2695 |   2668 |     27 |    144 |   2076 |   4 |  673.8 |
       Dungeon |   2695 |   2668 |     27 |    144 |   2076 |   4 |  673.8 |
               +--------+--------+--------+--------+--------+-----+--------+

Top non-repeatable levels by time:
     D:1: 1070 daAuts
     D:2: 986 daAuts
     D:3: 610 daAuts
     D:4: 27 daAuts
